AoeStats
← LArcadia49

Arena

510061147Analyzed
4v4 RM · 1d ago on Sep 29, 2026· 46m 40s· 8 players
Game mode
Random Map
Map size
Large (8 player)
Population
200
Speed
Normal
Resources
Standard
Victory
Conquest
Starting age
Dark Age
Ending age
Imperial Age
RankedLock teamsTeams togetherTeam positionsShared explorationLock speedFull tech treeHidden civsTurbo modeCheats
Victory
Defeat
🇹🇼 Danes · Taiwan
1181
+12
🇹🇼 Burgundians · Taiwan
1173
+12
🇹🇷 Persians · Türkiye
1158
+12
🇫🇷 Goths · France
1087
+15
🇨🇳 Bohemians · China
1161
-16
🇬🇧 Vietnamese · United Kingdom
1089
-13
🇮🇳 Varangians · India
1040
-11
🇨🇳 Teutons · China
1029
-11
メHANSメ
10:06 Feudal Age
13:38 Castle Age
11:50 Double-Bit Axe
12:29 Horse Collar
20:14 Wheelbarrow
21:57 Hand Cart
22:15 Bow Saw
22:19 Heavy Plow
28:23 Imperial Age
26:51 Scale Barding Armor
26:57 Forging
27:58 Chain Barding Armor
28:21 Loom
28:49 Bloodlines
28:40 Husbandry
29:42 Iron Casting
28:33 Elite Jarl
31:13 Plate Barding Armor
31:38 Blast Furnace
31:15 Plate Barding Armor
30:31 Light Cavalry
31:43 Fletching
32:19 Hussar
34:21 Ballistics
35:02 Chemistry
34:14 Masonry
34:57 Conscription
35:45 Coinage
37:01 Bodkin Arrow
38:48 Crop Rotation
41:11 Architecture
40:47 Siege Engineers
41:15 Architecture
45:36 Bracer
[SKY] strider
8:04 Loom
10:24 Feudal Age
15:29 Castle Age
13:47 Double-Bit Axe
14:14 Horse Collar
16:52 Bow Saw
16:45 Heavy Plow
16:37 Gold Mining
17:32 Wheelbarrow
25:01 Imperial Age
24:00 Pikeman
24:42 Stone Mining
26:01 Fletching
26:12 Padded Archer Armor
26:55 Bodkin Arrow
27:20 Crossbowman
29:04 Leather Archer Armor
29:36 Squires
31:59 Bracer
33:27 Arbalester
34:51 Ring Archer Armor
34:39 Hand Cart
35:35 Thumb Ring
36:54 Two-Man Saw
39:31 Scale Barding Armor
39:37 Forging
41:17 Capped Ram
43:21 Husbandry
Coldplay
11:11 Feudal Age
12:41 Double-Bit Axe
12:39 Horse Collar
15:26 Castle Age
16:45 Heavy Plow
16:57 Bow Saw
17:51 Wheelbarrow
19:18 Loom
38:33 Hand Cart
品哥揍老外
11:35 Feudal Age
17:16 Castle Age
15:17 Double-Bit Axe
15:29 Horse Collar
16:07 Stone Mining
16:34 Gold Mining
18:41 Stone Shaft Mining
18:18 Bow Saw
27:32 Ballistics
30:04 Imperial Age
27:42 Heavy Plow
28:49 Masonry
29:03 Fortified Wall
30:47 Bloodlines
31:57 Block Printing
32:16 Conscription
32:35 Fletching
32:46 Scale Mail Armor
32:56 Forging
32:53 Scale Barding Armor
33:24 Crenellations
35:12 Crop Rotation
35:47 Wheelbarrow
34:58 Town Watch
34:58 Loom
35:59 Devotion
36:38 Theocracy
36:20 Fervor
37:23 Chemistry
37:38 Hand Cart
37:24 Town Patrol
38:43 Two-Man Saw
40:59 Squires
40:44 Arson
41:17 Chain Mail Armor
41:38 Iron Casting
40:58 Bodkin Arrow
41:25 Chain Barding Armor
44:13 Faith
43:50 Elite Teutonic Knight
LArcadia49
10:54 Feudal Age
9:11 Loom
15:13 Castle Age
14:56 Double-Bit Axe
15:15 Horse Collar
16:23 Pikeman
20:47 Fletching
25:01 Gold Mining
25:56 Wheelbarrow
25:35 Town Watch
28:20 Anarchy
29:36 Scale Mail Armor
29:51 Forging
30:54 Bow Saw
32:45 Chain Mail Armor
33:06 Iron Casting
35:03 Imperial Age
32:56 Stone Mining
33:44 Squires
36:05 Capped Ram
37:59 Blast Furnace
39:59 Elite Huskarl
oioi55669
10:44 Feudal Age
10:46 Loom
14:34 Castle Age
13:02 Double-Bit Axe
13:23 Horse Collar
15:58 Bow Saw
20:11 Heavy Plow
25:40 Imperial Age
25:17 Forging
26:43 Caravan
27:58 Wheelbarrow
31:15 Scale Barding Armor
31:13 Scale Mail Armor
35:45 Gold Mining
37:38 Iron Casting
37:18 Chain Mail Armor
37:38 Iron Casting
37:18 Chain Mail Armor
37:28 Arson
37:43 Squires
37:29 Gambesons
39:19 Elite Varangian Guard
41:52 Plate Mail Armor
46:19 Blast Furnace
46:28 Pikeman
Albus
10:04 Feudal Age
8:19 Loom
10:29 Double-Bit Axe
10:25 Horse Collar
19:50 Castle Age
18:25 Wheelbarrow
17:48 Stone Mining
20:06 Wheelbarrow
21:56 Heavy Plow
22:07 Bow Saw
24:06 Bloodlines
23:56 Husbandry
25:47 Husbandry
26:09 Scale Barding Armor
26:14 Forging
28:24 Gold Mining
30:04 Forging
30:14 Chain Barding Armor
30:49 Devotion
36:26 Imperial Age
34:11 Hand Cart
35:21 Gold Shaft Mining
35:21 Stone Shaft Mining
35:05 Hand Cart
36:27 Elite War Elephant
38:28 Iron Casting
38:14 Chain Barding Armor
38:20 Cavalier
40:12 Crop Rotation
40:49 Savar
43:14 Blast Furnace
42:49 Plate Barding Armor
46:10 Light Cavalry
bubu09
11:00 Feudal Age
9:17 Double-Bit Axe
14:57 Castle Age
13:22 Horse Collar
18:37 Husbandry
18:02 Cavalier
20:18 Gold Mining
21:21 Scale Barding Armor
32:49 Chain Barding Armor
35:06 Stone Mining
35:54 Bow Saw
36:08 Heavy Plow
36:47 Wheelbarrow
39:11 Imperial Age
37:51 Forging
39:30 Two-Man Saw
39:09 Gold Shaft Mining
39:34 Paladin
41:27 Loom
42:22 Iron Casting
42:48 Light Cavalry
44:15 Burgundian Vineyards
45:31 Conscription
46:59 Scale Mail Armor
47:38 Plate Barding Armor
Connection lost

Rejoining the realm…

Still unreachable

The connection could not be restored.

Session expired

The server has moved on; the page needs a fresh start.